 Dungeon Crawl Stone Soup version 0.29.0-5-ge4962eb29e (webtiles) character file.

Game seed: 5841925334055972494

64 ImASeal the Scratcher (level 3, 0/15 HPs)
             Began as a Felid Transmuter on Aug 28, 2022.
             Slain by a gnoll
             ... wielding a +0 spear
              (5 damage)
             ... on level 3 of the Dungeon.
             The game lasted 00:09:22 (2702 turns).

ImASeal the Scratcher (Felid Transmuter)            Turns: 2702, Time: 00:09:22

Health: 0/15       AC:  1    Str:  6    XL:     3   Next: 91%
Magic:  6/7        EV: 18    Int: 14    God:
Gold:   159        SH:  0    Dex: 18    Spells: 6/7 levels left
                                        Lives:  0   Deaths: 0

rFire   . . .      SeeInvis +     - Unarmed
rCold   . . .      Faith    .   (shield unavailable)
rNeg    . . .      Spirit   .   (body armour unavailable)
rPois   .          Reflect  .   (helmet unavailable)
rElec   .          Harm     .   (cloak unavailable)
rCorr   .          Rampage  .   (gloves unavailable)
Will    .....                   (boots unavailable)
Stlth   ++........              (no amulet)
HPRegen 0.05/turn               (no ring)
MPRegen 0.10/turn               (no ring)

@: appendages, quick
A: horns 2, very small, claws 1, fangs 3, see invisible, speed 1, shaggy fur 1,
stealthy paws, no weapons or thrown items, no armour, multi-lived
a: End Transformation


You were on level 3 of the Dungeon.
You had temporarily grown beastly horns.
You visited 1 branch of the dungeon, and saw 3 of its levels.

You collected 159 gold pieces.

Inventory:

Scrolls
 b - 2 scrolls of identify {unknown}
 c - 2 scrolls of teleportation
 d - a scroll of magic mapping {unknown}
 e - a scroll of enchant armour {unknown}
 g - a scroll of acquirement {unknown}
 l - a scroll of blinking {unknown}
 m - a scroll of enchant weapon {unknown}
Potions
 a - 3 potions of lignification
 f - 2 potions of haste {unknown}
 h - a potion of attraction {unknown}
 i - 2 potions of invisibility {unknown}
 j - a potion of curing {unknown}
 k - a potion of magic {unknown}
 n - 2 potions of resistance {unknown}


   Skills:
 + Level 1.1 Fighting
 + Level 3.4 Dodging
 + Level 0.1 Stealth
 + Level 3.7 Unarmed Combat
 + Level 2.5 Spellcasting
 + Level 2.8 Transmutations


You had 6 spell levels left.
You knew the following spells:

 Your Spells              Type           Power      Damage    Failure   Level
a - Beastly Appendage     Tmut           18%        N/A       7%          1

Your spell library contained the following spells:

 Spells                   Type           Power      Damage    Failure   Level
 Wereblood                Tmut           9%         N/A       11%         2
 Spider Form              Tmut/Pois      5%         N/A       36%         3
 Dazzling Flash           Conj/Hex       2%         N/A       56%         3
 Ice Form                 Ice/Tmut       5%         N/A       77%         4
 Iskenderun's Mystic Bla  Conj/Tloc      1%         2d3       92%         4
 Starburst                Conj/Fire      0%         6d3       100%        6


Dungeon Overview and Level Annotations

Branches:
Dungeon (3/15)

Altars:

Shops:
D:2 [


Innate Abilities, Weirdness & Mutations

You have temporarily grown beastly horns.
You have sharp claws.
You have razor-sharp teeth.
You have supernaturally acute eyesight. (SInv)
You cover ground quickly. (Speed+)
You are covered in fur. (AC +1)
Your paws help you pounce on unaware monsters.
You are incapable of wielding weapons or throwing items.
You cannot wear armour.
You gain extra lives every three experience levels.


Message History

The gnoll closely misses you. x2
You barely miss the gnoll.
The gnoll is heavily wounded.
You scratch the gnoll.
The gnoll is almost dead.
The gnoll closely misses you. The gnoll hits you with a +0 spear!
Ouch! That really hurt!
You are too injured to fight recklessly!
You are too injured to fight recklessly!
You are too injured to fight recklessly!
You barely miss the gnoll. Your headbutt misses the gnoll. You bite the gnoll.
You kill the gnoll!
The gnoll throws a throwing net.
The throwing net hits you.
You become entangled in the net!
Casting: Beastly Appendage (safe; 7% risk of failure)
Confirm with . or Enter, or press ? or * to list all spells.
You miscast Beastly Appendage.
You are very lightly contaminated with residual magic.
Nothing appears to happen.
The gnoll hits you from afar with a +0 spear.
* * * LOW HITPOINT WARNING * * *
You struggle against the net.
Your transformation is almost over.
The gnoll barely misses you.
You struggle against the net.
The gnoll closely misses you.
You shred the net and break free! The gnoll closely misses you.
Your magical contamination has completely faded away.
Your horns disappear.
You start resting.
A gnoll is nearby!
Casting: Beastly Appendage (safe; 7% risk of failure)
Confirm with . or Enter, or press ? or * to list all spells.
You grow a pair of large bovine horns.
The gnoll misses you.
You are too injured to fight recklessly!
The gnoll closely misses you.
You scratch the gnoll. Your claw misses the gnoll.
The gnoll is heavily wounded.
The gnoll hits you with a +0 spear.
You die...

######.####.#.##.# #.##.#####
### ...#.##.# #.##.#....
....#.##.# #.##.#.###
##.#.####.# #.##.#.#
..#.#.##.# #....#)#
###.#....##########.#.###
#..............g.......
.######.#################.###
...........g@.............#
#######.################..#
..........# #..#
#.#########.#.# #.g#
#........##.#.# #..#
######....#.#.# #.g#
..#..+....#.#.# ###..#
..#.##....'.#.. +....#
..#.##....##### ###.####


You could see a gnoll.

Vanquished Creatures
  A gnoll (D:3)
  A worm (D:2)
  7 endoplasms
  3 giant cockroaches (D:2)
  6 goblins
  4 hobgoblins
  2 jackals (D:1)
  5 kobolds
  3 ball pythons
  7 bats
  4 frilled lizards
  3 rats (D:2)
46 creatures vanquished.

Vanquished Creatures (others)
  11 plants (D:3)
11 creatures vanquished.

Grand Total: 57 creatures vanquished

Notes
Turn   | Place    | Note
-------+----------+-------------------------------------------
     0 | D:1      | ImASeal the Felid Transmuter began the quest for the Orb.
     0 | D:1      | Reached XP level 1. HP: 9/9 MP: 4/4
   394 | D:1      | Reached XP level 2. HP: 11/12 MP: 4/6
  1061 | D:1      | Found a faded altar of an unknown god.
  1444 | D:2      | Reached XP level 3. HP: 10/15 MP: 7/7
  2341 | D:2      | Found Lilop's Armour Emporium.
  2702 | D:3      | Slain by a gnoll

Illustrated notes

Levels and vault maps discovered:
D:1:      wander_arrival_fairy_ring, layout_basic,
          hellmonk_ecumenical_altar_pennies_from_heaven
D:2:      layout_basic, serial_shops, nicolae_lakefront_shop, minmay_surrounded
D:3:      layout_basic, nrook_uturn, serial_bayou_lagoon_a

Skill      XL: |  1 |
---------------+----+-----
Dodging        | 3 |  3.4
Fighting       | |  1.1
Stealth        | |  0.1
Unarmed Combat | |  3.7
Spellcasting   | |  2.5
Transmutations | |  2.8

Action                   || total
-------------------------++-------
Melee: Unarmed           ||    94
       Headbutt          ||    14
       Bite              ||     9
       Punch             ||     2
 Cast: Beastly Appendage ||    32
  Use: Scroll            ||     1
 Stab: Sleeping          ||     1
       Distracted        ||     1
Armor: Skin              ||     4
Dodge: Dodged            ||    88
